 Dungeon Sprint DCSS version 0.30-a0-840-ga523dec638 (webtiles) character file.

Game seed: 287643866002239606

6681 NinjaNoafa the Eclecticist (level 11, -6/91 HPs)
             Began as a Djinni Summoner on Mar 2, 2023.
             Was a Priest of Jiyva.
             Mangled by a sixfirhy (9 damage)
             ... in the Dungeon (Sprint VII: "The Pits").
             The game lasted 00:12:15 (926 turns).

NinjaNoafa the Eclecticist (Djinni Summoner)         Turns: 926, Time: 00:12:15

Health: -6/91      AC:  4    Str: 13    XL:     11   Next: 23%
Gold:   0          EV: 17    Int: 22    God:    Jiyva [***...] SH:  0 Dex: 13

rFire   + + .      SeeInvis .    o - +1 broad axe (flame)
rCold   x . .      Faith    .    (no shield)
rNeg    . . .      Spirit   .    a - +0 robe
rPois   ∞          Reflect  .    p - +0 helmet
rElec   .          Harm     .    n - +0 cloak
rCorr   +          Rampage  .    (no gloves)
Will    +....      NoTele   +    (boots unavailable)
Stlth   ++                       (no amulet)
HPRegen 1.47/turn                d - +3 ring of strength
MPRegen 0.00/turn                j - +3 ring of strength

@: flying
A: sickness immunity, fire resistance 2, cold vulnerability 1, float, innate
caster, HP casting, extra vitality 1
a: Renounce Religion, Oozemancy


You were in the Dungeon.
You worshipped Jiyva.
Jiyva was most pleased with you.
You visited 1 branch

Inventory:

Hand Weapons
 o - a +1 broad axe of flaming (weapon)
Missiles
 q - a curare-tipped dart
Armour
 a - a +0 robe (worn)
 n - a +0 cloak (worn)
 p - a +0 helmet (worn)
Jewellery
 d - a +3 ring of strength (left hand)
 j - a +3 ring of strength (right hand)
Scrolls
 f - a scroll of blinking
 i - a scroll of butterflies
 k - 2 scrolls of vulnerability
Potions
 b - 9 potions of curing
 c - 6 potions of heal wounds
 e - 3 potions of berserk rage
 g - a potion of resistance
 h - 2 potions of invisibility
 l - a potion of haste
 m - 2 potions of mutation


   Skills:
 + Level 12.9 Fighting
 + Level 12.2 Dodging
 - Level 1.5 Stealth
 * Level 15.6 Spellcasting


You knew the following spells:

 Your Spells              Type           Power      Damage    Failure   Level
a - Summon Small Mammal   Summ           100%       N/A       0%          1
b - Call Imp              Summ           72%        N/A       0%          2
c - Call Canine Familiar  Summ           72%        N/A       0%          3
d - Summon Guardian Gole  Hex/Summ       72%        N/A       0%          3
e - Summon Lightning Spi  Summ/Air       72%        N/A       1%          4
f - Necrotise             Necr           100%       1d9       0%          1
g - Scorch                Fire           100%       2d10      0%          2
h - Frozen Ramparts       Ice            100%       1d16      0%          3
i - Airstrike             Air            36%        2d(6-22)  1%          4
j - Olgreb's Toxic Radia  Pois           72%        N/A       1%          4
Your spell library was empty.

Dungeon Overview and Level Annotations

Branches:
Dungeon (1/1)

Altars:
Ashenzari
Cheibriados
Dithmenos
Elyvilon
Fedhas
Gozag
Hepliaklqana
Makhleb
Nemelex Xobeh
Okawaru
Qazlal
Ru
Trog
Uskayaw
Wu Jian
Xom
Yredelemnul
Zin
The Shining One
Jiyva
Lugonu


Innate Abilities, Weirdness & Mutations

You are immune to sickness and miasma.
You are immune to poison.
Your flesh is very heat resistant. (rF++)
You are vulnerable to cold. (rC-)
You float through the air rather than walking.
You learn spells naturally, not from books.
Your magical power is your life essence.
You have superior vitality. (+4 MHP)


Message History

The sixfirhy barely misses you. x2
The sixfirhy hits you but does no damage.
The sixfirhy barely misses you.
You hear a distant slurping noise. x2
You swap places.
You hear a distant slurping noise.
Your warg closely misses the sixfirhy.
You hear a distant slurping noise.
The sixfirhy hits your warg! The sixfirhy shocks your warg!
Your warg misses the sixfirhy. The sixfirhy closely misses your warg.
You hear a distant slurping noise.
The sixfirhy hits your warg! The sixfirhy shocks your warg!
Your warg dies!
Your warg's corpse disappears in a puff of smoke!
The sixfirhy closely misses you. The sixfirhy misses you.
You hear a distant slurping noise.
You hear a squelching noise.
The sixfirhy completely misses you.
Casting: Call Canine Familiar (safe; 0% risk of failure)
Confirm with . or Enter, or press ? or * to list all spells.
A guardian golem appears, shielding your allies.
* * * LOW HITPOINT WARNING * * *
The sixfirhy hits you!
* * * LOW HITPOINT WARNING * * *
The sixfirhy shocks you!
* * * LOW HITPOINT WARNING * * *
You hear a distant slurping noise.
You feel much better.
Casting: Summon Guardian Golem (safe; 0% risk of failure)
Confirm with . or Enter, or press ? or * to list all spells.
* * * LOW HITPOINT WARNING * * *
The sixfirhy hits you!
* * * LOW HITPOINT WARNING * * *
The sixfirhy shocks you!
* * * LOW HITPOINT WARNING * * *
The sixfirhy barely misses you.
The sixfirhy hits you but does no damage.
The sixfirhy misses you. The sixfirhy hits you!
* * * LOW HITPOINT WARNING * * *
The sixfirhy shocks you!
You die...

###''###### .##''# ## ##
.##..# ..###. .# .##..# #+#
..... .## #. .##..# ##.##.....
..# #.. .##..# ##...##...#
#..# #...
.##..####.....##.##.##.###....
.##...##J.....#...#.#...#.....
###....'J.......@.............
###...##......#.3.#.#...#
[##..####.....##h## ##3##
[##..##.##...##.9.###§§#
)##..##..##.##.....#§.§#
)##..# #..#'#.......§§##
)##..# #......###...## ######
######## #####


You could see a sixfirhy (combustible, ally target), a friendly guardian golem
(summoned) and a friendly warg (summoned, sheltered).

Vanquished Creatures
  Gastronok (D)
  A two-headed ogre (D)
  A steam dragon (D)
  Duvessa (D)
  A kobold brigand (D)
  A killer bee (D)
6 creatures vanquished.

Vanquished Creatures (collateral kills)
  A shadow wraith (D)
  A deep elf zephyrmancer (D)
  A kobold demonologist (D)
  A komodo dragon (D)
  A red devil (D)
  A hornet (D)
  2 steam dragons (D)
  A basilisk (D)
  A large abomination (D)
  A water moccasin (D)
  A swamp drake (D)
  A wolf (D)
  A gnoll sergeant (D)
  2 scorpions (D)
  Dowan (D)
  3 killer bees (D)
  A crimson imp (D)
  A quasit (D)
  An iguana (D)
  An orc wizard (D)
  8 gnolls (D)
  An adder (D)
  3 orcs (D)
  A ball python (D)
  A giant cockroach (D)
  A hobgoblin (D)
  3 jackals (D)
  A quokka (D)
  A goblin (D)
  2 kobolds (D)
  A rat (D)
47 creatures vanquished.

Vanquished Creatures (others)
  Dissolution (D)
  Dispater (D)
  An orb of fire (D)
  2 ancient liches (D)
  Xtahua (D)
  A golden dragon (D)
  Jory (D)
  A pandemonium lord (D)
  2 pearl dragons (D)
  2 electric golems (D)
  A Brimstone Fiend (D)
  2 Tzitzimimeh (D)
  A Hell Sentinel (D)
  An Orb Guardian (D)
  A titan (D)
  A deep elf blademaster (D)
  12 acid blobs (D)
  13 azure jellies (D)
  8 rockslimes (D)
  A draconian monk (D)
  Louise (D)
  An iron dragon (D)
  A draconian stormcaller (D)
  A draconian shifter (D)
  12 quicksilver oozes (D)
  An ophan (D)
  A deep elf demonologist (D)
  A yellow draconian (D)
  A purple draconian (D)
  A great orb of eyes (D)
  An ettin (D)
  A green death (D)
  A blizzard demon (D)
  An ice dragon (D)
  A hellion (D)
  A golden eye (D)
  A freezing wraith (D)
  2 kobold demonologists (D)
  An ice devil (D)
  A tarantella (D)
  A floating eye (D)
  2 vampire mosquitoes (D)
  A chaos spawn (D)
  A gnoll sergeant (D)
  A jelly (D)
  A killer bee (D)
  An orc priest (D)
  2 orcs (D)
  6 kobolds (D)
102 creatures vanquished.

Grand Total: 155 creatures vanquished

Notes
Turn   | Place    | Note
-------+----------+-------------------------------------------
     0 | D        | NinjaNoafa the Djinni Summoner began the quest for the Orb.
     0 | D        | NinjaNoafa set off with the following spells memorised:
                  | Summon Small Mammal, Call Imp, Call Canine Familiar, Summon
                  | Guardian Golem, Summon Lightning Spire.
     0 | D        | Reached XP level 1. HP: 15/15 MP: 0/0
    41 | D        | Found a bloodstained altar of Trog.
    41 | D        | Found a viscous altar of Jiyva.
    41 | D        | Found a hazy altar of Hepliaklqana.
    41 | D        | Found an opulent altar of Gozag.
    42 | D        | Found a glowing golden altar of the Shining One.
    42 | D        | Found a glowing silver altar of Zin.
    42 | D        | Found a basalt altar of Yredelemnul.
    42 | D        | Found a shimmering altar of Xom.
    42 | D        | Found an ornate altar of the Wu Jian Council.
    42 | D        | Found a sacrificial altar of Ru.
    42 | D        | Found a stormy altar of Qazlal.
    42 | D        | Found an iron altar of Okawaru.
    42 | D        | Found a sparkling altar of Nemelex Xobeh.
    42 | D        | Found a burning altar of Makhleb.
    42 | D        | Found a blossoming altar of Fedhas.
    42 | D        | Found a white marble altar of Elyvilon.
    42 | D        | Found a shadowy altar of Dithmenos.
    42 | D        | Found a snail-covered altar of Cheibriados.
    43 | D        | Found a corrupted altar of Lugonu.
    44 | D        | Found a hide-covered altar of Uskayaw.
    44 | D        | Found a broken altar of Ashenzari.
    61 | D        | Became a worshipper of Jiyva Jodihit the Shapeless
    65 | D        | Killed an acid blob
    66 | D        | Killed a great orb of eyes
    67 | D        | Killed an ettin
    70 | D        | Killed an azure jelly
    70 | D        | Killed Louise
    71 | D        | Killed an Orb Guardian
    73 | D        | Killed an acid blob
    76 | D        | Reached skill level 4 in Spellcasting
    80 | D        | Killed a deep elf blademaster
    81 | D        | Killed a rockslime
    81 | D        | Killed an azure jelly
    82 | D        | Killed Xtahua
    83 | D        | Noticed a scorpion
    84 | D        | Killed an acid blob
    86 | D        | Killed Dissolution
    88 | D        | Killed a quicksilver ooze
    90 | D        | Killed an acid blob
    93 | D        | Killed an azure jelly
    93 | D        | Killed a quicksilver ooze
    93 | D        | Killed a Tzitzimitl
    98 | D        | Killed a rockslime
    99 | D        | Killed an azure jelly
   100 | D        | Killed an electric golem
   103 | D        | Killed an iron dragon
   118 | D        | Killed an acid blob
   138 | D        | Killed a scorpion
   139 | D        | Reached skill level 6 in Spellcasting
   139 | D        | Reached XP level 2. HP: 15/21 MP: 0/0
   139 | D        | Reached XP level 3. HP: 18/25 MP: 0/0
   139 | D        | Learned a level 1 spell: Necrotise
   139 | D        | Reached XP level 4. HP: 23/31 MP: 0/0
   141 | D        | Killed a rockslime
   153 | D        | Killed an electric golem
   154 | D        | Noticed a scorpion
   158 | D        | Killed a purple draconian shifter
   171 | D        | Reached skill level 7 in Spellcasting
   172 | D        | Killed a scorpion
   173 | D        | Reached XP level 5. HP: 23/40 MP: 0/0
   173 | D        | Learned a level 2 spell: Scorch
   176 | D        | Killed a quicksilver ooze
   177 | D        | Killed a golden eye
   181 | D        | Killed a golden dragon
   183 | D        | Reached * piety under Jiyva
   184 | D        | Killed an ophan
   198 | D        | Killed a rockslime
   214 | D        | Killed an azure jelly
   216 | D        | Killed a blizzard demon
   219 | D        | Killed an ancient lich
   220 | D        | Killed an azure jelly
   226 | D        | Noticed Dowan
   227 | D        | Noticed a wolf
   236 | D        | Killed a titan
   238 | D        | Killed an azure jelly
   241 | D        | Killed a Hell Sentinel
   243 | D        | Killed a quicksilver ooze
   244 | D        | Killed a rockslime
   246 | D        | Reached skill level 5 in Dodging
   247 | D        | Killed an acid blob
   247 | D        | Killed an acid blob
   247 | D        | Killed an azure jelly
   247 | D        | Killed a quicksilver ooze
   247 | D        | Killed an azure jelly
   255 | D        | Noticed Duvessa
   255 | D        | Killed a wolf
   256 | D        | Reached skill level 5 in Fighting
   256 | D        | Reached skill level 8 in Spellcasting
   256 | D        | Reached XP level 6. HP: 50/50 MP: 0/0
   258 | D        | Killed a quicksilver ooze
   268 | D        | Killed a rockslime
   271 | D        | Killed Duvessa
   272 | D        | Reached XP level 7. HP: 26/57 MP: 0/0
   272 | D        | Learned a level 3 spell: Frozen Ramparts
   285 | D        | Reached skill level 9 in Spellcasting
   308 | D        | Killed an orb of fire
   315 | D        | Killed an acid blob
   318 | D        | Killed an acid blob
   318 | D        | Killed Dispater
   333 | D        | Killed Dowan
   343 | D        | Noticed a water moccasin
   350 | D        | Killed a water moccasin
   356 | D        | Noticed a red devil
   372 | D        | Killed a red devil
   373 | D        | Reached skill level 10 in Spellcasting
   373 | D        | Reached XP level 8. HP: 34/68 MP: 0/0
   432 | D        | Killed a green death
   462 | D        | Killed a hellion
   467 | D        | Noticed a tarantella
   467 | D        | Noticed an ice devil
   470 | D        | Killed an ice dragon
   488 | D        | Killed a tarantella
   489 | D        | Reached skill level 10 in Fighting
   489 | D        | Killed a deep elf demonologist
   501 | D        | Killed an ice devil
   502 | D        | Reached skill level 11 in Spellcasting
   510 | D        | Killed a quicksilver ooze
   524 | D        | Killed a purple draconian
   537 | D        | Killed a quicksilver ooze
   580 | D        | Killed a quicksilver ooze
   624 | D        | Killed a quicksilver ooze
   650 | D        | Reached ** piety under Jiyva
   663 | D        | Reached XP level 9. HP: 74/74 MP: 0/0
   663 | D        | Learned a level 4 spell: Airstrike
   665 | D        | Reached skill level 12 in Spellcasting
   669 | D        | Killed a rockslime
   670 | D        | Killed an azure jelly
   683 | D        | Killed a quicksilver ooze
   683 | D        | Killed a Brimstone Fiend
   684 | D        | Killed Jory
   686 | D        | Killed a Tzitzimitl
   687 | D        | Noticed a kobold demonologist
   687 | D        | Noticed a kobold demonologist
   687 | D        | Noticed a kobold demonologist
   693 | D        | Killed an acid blob
   694 | D        | Killed a pearl dragon
   699 | D        | Killed a rockslime
   708 | D        | Killed Qer Unae the pandemonium lord
   708 | D        | Killed a kobold demonologist
   709 | D        | Reached skill level 13 in Spellcasting
   713 | D        | Killed a kobold demonologist
   716 | D        | Killed a pearl dragon
   730 | D        | Noticed an ice devil
   730 | D        | Killed a kobold demonologist
   731 | D        | Reached XP level 10. HP: 15/82 MP: 0/0
   752 | D        | Killed an azure jelly
   780 | D        | Killed an azure jelly
   780 | D        | Killed an acid blob
   788 | D        | Killed an acid blob
   793 | D        | Noticed a komodo dragon
   793 | D        | Killed a quicksilver ooze
   795 | D        | Killed an ancient lich
   807 | D        | Killed a komodo dragon
   808 | D        | Reached skill level 14 in Spellcasting
   813 | D        | Killed a white draconian stormcaller
   814 | D        | Noticed a two-headed ogre
   816 | D        | Noticed a deep elf zephyrmancer
   824 | D        | Reached *** piety under Jiyva
   830 | D        | Killed a two-headed ogre
   831 | D        | Reached skill level 10 in Dodging
   832 | D        | Killed a deep elf zephyrmancer
   836 | D        | Killed a shadow wraith
   837 | D        | Reached skill level 15 in Spellcasting
   837 | D        | Killed a yellow draconian
   848 | D        | Noticed Gastronok
   857 | D        | Killed Gastronok
   858 | D        | Reached XP level 11. HP: 41/90 MP: 0/0
   858 | D        | Learned a level 4 spell: Olgreb's Toxic Radiance
   897 | D        | Noticed a sixfirhy
   920 | D        | Killed a green draconian monk
   921 | D        | Killed an azure jelly
   926 | D        | HP: 3/91 [sixfirhy (11)]
   926 | D        | Mangled by a sixfirhy

Illustrated notes

Levels and vault maps discovered:
D:        pitsprint [storerooms_1, entrance_room_1, metal_vault_3, armoury_2,
          mini_pit_1, grid_room_1, main_hall_1, silver_pit, the_coven_1,
          the_vestibule_1, steel_vault_1, golden_pit, hallway_of_sentries,
          crystal_vault_1, iron_vault_1, final_vault]

Skill      XL: |  1  2  3  4  5  6  7  8  9 10 11 |
---------------+----------------------------------+-----
Spellcasting   | 6 7 8 10 11 13 15 | 15.6
Fighting       | 2 5 6 9 10 11 12 | 12.9
Dodging        | 4 6 7 8 9 11 12 | 12.2
Stealth        | |  1.5

Action                     |  1- 3 |  4- 6 |  7- 9 | 10-12 || total
---------------------------+-------+-------+-------+-------++-------
  Melee: Falchion          |     5 |     1 |       |       ||     6
   Cast: Summon Small Mamm |    18 |     2 |     9 |     2 ||    31
         Summon Lightning  |       |     2 |     4 |     1 ||     7
         Call Imp          |       |     1 |     5 |     1 ||     7
         Call Canine Famil |       |     1 |     7 |     5 ||    13
         Summon Guardian G |       |     1 |     7 |     8 ||    16
         Scorch            |       |     4 |     1 |     7 ||    12
         Frozen Ramparts   |       |       |     4 |       ||     4
         Airstrike         |       |       |     3 |     9 ||    12
         Olgreb's Toxic Ra |       |       |       |     1 ||     1
    Use: Potion            |     2 |       |       |     1 ||     3
 Armour: Robe              |     3 |       |     3 |     5 ||    11
  Dodge: Dodged            |     7 |     5 |    25 |    22 ||    59

Table legend: (Time is in decaauts)
 A = Elapsed time spent in this place.
 B = Non-inter-level travel time spent in this place.
 C = Inter-level travel time spent in this place.
 D = Time resting spent in this place.
 E = Time spent auto-exploring this place.
 F = Levels seen in this place.
 G = Mean time per level.
                   A        B        C        D        E       F      G
               +--------+--------+--------+--------+--------+-----+--------+
         Total |    906 |    851 |     55 |     17 |      5 |   1 |  906.0 |
       Dungeon |    906 |    851 |     55 |     17 |      5 |   1 |  906.0 |
               +--------+--------+--------+--------+--------+-----+--------+

Top non-repeatable levels by time:
       D: 906 daAuts
